 Dungeon Crawl Stone Soup version 0.22.1-2-g9c5b331 (webtiles) character file.

15244 wingeater17 the Severer (level 12, 0/92 HPs)
             Began as a Hill Orc Fighter on Dec 20, 2018.
             Was an Elder of Yredelemnul.
             Slain by a spiny frog (19 damage)
             ... on level 1 of the Lair of Beasts.
             The game lasted 00:38:44 (13926 turns).

wingeater17 the Severer (Hill Orc Fighter)         Turns: 13926, Time: 00:38:45

Health: 0/92       AC:  9    Str: 29    XL:     12   Next: 25%
Magic:  12/12      EV:  8    Int:  8    God:    Yredelemnul [****..]
Gold:   627        SH: 10    Dex: 10    Spells: 11/11 levels left

rFire    + . .     SeeInvis .   E - +4 war axe (curse)
rCold    . . .     Gourm    .   c - +0 shield
rNeg     . . .     Faith    .   p - +0 scale mail {rF+}
rPois    +         Spirit   .   (no helmet)
rElec    .         Reflect  .   (no cloak)
rCorr    .         Harm     .   (no gloves)
MR       .....                  (no boots)
Stlth    ..........             K - amulet of rage
HPRegen  0.25/turn              g - +5 ring of strength
MPRegen  0.13/turn              y - ring of poison resistance

@: no status effects
A: no striking features
a: Recall Undead Slaves, Injury Mirror, Animate Dead, Drain Life, Renounce
Religion, Evoke Berserk Rage


You were on level 1 of the Lair of Beasts.
You worshipped Yredelemnul.
Yredelemnul was greatly pleased with you.
You were not hungry.

You visited 3 branches of the dungeon, and saw 13 of its levels.

You collected 712 gold pieces.
You spent 85 gold pieces at shops.

Inventory:

Hand Weapons
 a - a +0 war axe
 r - a +1 mace of protection
 E - a cursed +4 war axe (weapon)
 F - a +5 mace
Armour
 b - a +0 scale mail
 c - a +0 shield (worn)
 p - a +0 scale mail of fire resistance (worn)
Jewellery
 g - a +5 ring of strength (left hand)
 n - an uncursed amulet of magic regeneration
 s - an uncursed ring of fire
 y - a ring of poison resistance (right hand)
 K - an amulet of rage (around neck)
 P - an uncursed ring of magical power
Wands
 j - a wand of polymorph (5)
 t - a wand of paralysis (23)
 H - a wand of enslavement (15)
 I - a wand of scattershot (4)
 N - a wand of random effects (38)
 O - a wand of iceblast (5)
 Q - a wand of acid (10)
Scrolls
 k - 10 scrolls of remove curse
 m - 3 scrolls of magic mapping
 o - 4 scrolls of fear
 v - 5 scrolls of amnesia
 x - 2 scrolls of random uselessness
 D - 2 scrolls of teleportation
 G - 2 scrolls of immolation
 L - a scroll of fog
 M - 4 scrolls of enchant armour
 R - a scroll of enchant weapon {unknown}
Potions
 d - a potion of might
 e - 2 potions of mutation
 h - 2 potions of magic
 l - 3 potions of agility
 q - 2 potions of resistance
 u - a potion of flight
 w - 2 potions of degeneration {unknown}
 A - 2 potions of haste
 B - 3 potions of curing
 C - 4 potions of brilliance
 J - a potion of berserk rage {unknown}
Comestibles
 f - 16 rations


   Skills:
 - Level 4.6 Fighting
 * Level 18.8 Axes
 + Level 12.3 Armour
 - Level 0.5 Dodging
 - Level 4.3 Shields


You had 11 spell levels left.
You didn't know any spells.
Your spell library contained the following spells:

 Spells                   Type           Power        Failure   Level  Hunger
 Flame Tongue             Conj/Fire      #....        97%         1    ##.....
 Throw Flame              Conj/Fire      #.....       99%         2    ###....
 Conjure Flame            Conj/Fire      #.......     100%        3    ####...
 Inner Flame              Hex/Fire       #.......     100%        3    ####...
 Cause Fear               Hex            #.........   100%        4    #####..
 Sticky Flame             Conj/Fire      #.......     100%        4    #####..
 Fireball                 Conj/Fire      #.........   100%        5    ######.
 Silence                  Hex/Air        #.........   100%        5    ######.
 Yara's Violent Unravell  Hex/Tmut       #.........   100%        5    ######.
 Deflect Missiles         Chrm/Air       #.........   100%        6    #######
 Discord                  Hex            #.........   100%        8    #######


Dungeon Overview and Level Annotations

Branches:
Dungeon (11/15)            Temple (1/1) D:6            Lair (1/6) D:10
    Orc (0/2) D:9

Altars:
Ashenzari
Cheibriados
Dithmenos
Elyvilon
Fedhas
Gozag
Hepliaklqana
Kikubaaqudgha
Makhleb
Nemelex Xobeh
Okawaru
Qazlal
Ru
Sif Muna
Trog
Uskayaw
Vehumet
Wu Jian
Xom
Yredelemnul
Zin
The Shining One

Shops:
D:6 ?   D:9 [

Annotations:
D:2 Sigmund
D:3 2 transporters
D:9 1 runed door


Message History

This raw flesh tastes terrible.
Magic restored.
Unknown command.
You start resting.
Your magical contamination has completely faded away.
Unknown command.
You start resting.
A spiny frog comes into view.
Unknown command.
A spiny frog is nearby!
Unknown command.
A spiny frog is nearby!
You swap places.
The spiny frog stings your yak zombie!!
You swap places.
Your black mamba zombie misses the spiny frog.
Your black mamba zombie barely misses the spiny frog.
The spiny frog stings you!!
You die...
Your body rises from the dead as a mindless zombie.

....# ##...# #....# #...###
.. ##.....######## ... ###
#..............
....####.#####.............
........ZZZ................
........ZZ@F...............
......$..zZ................
.....(.....................
...........................
#..####.#########..########
## ### ####


You could see a spiny frog, a friendly wight, 2 friendly black mamba zombies and
4 friendly yak zombies.

Vanquished Creatures
  Erica (D:9)
  2 two-headed ogres
  Pikel (D:6)
  An ugly thing (D:10)
  A cyclops (D:11)
  Maurice (D:7)
  A gargoyle (D:9)
  A troll (D:9)
  Prince Ribbit (D:5)
  2 hippogriffs
  7 yaks
  A wyvern (D:9)
  A wraith (D:10)
  Menkaure (D:5)
  A water moccasin (D:8)
  5 porcupines
  5 orc warriors
  2 ice beasts
  A sky beast (D:10)
  3 ogres
  A phantom (D:9)
  4 centaurs
  2 crocodiles
  A gnoll sergeant (D:7)
  6 bullfrogs
  3 scorpions
  A water moccasin skeleton (D:6)
  5 killer bees
  7 wights
  10 howler monkeys
  A crimson imp (D:6)
  3 centaur skeletons
  A gnoll shaman (D:9)
  3 orc priests
  2 bullfrog skeletons
  5 hounds
  11 orc wizards
  Terence (D:3)
  4 iguanas
  4 worker ants
  2 killer bee zombies
  A hound zombie (D:5)
  A hound skeleton (D:10)
  2 worker ant zombies
  Robin (D:2)
  10 gnolls
  10 adders
  A shadow imp (D:7)
  2 oozes
  An adder zombie (D:6)
  3 worms
  2 adder skeletons
  2 dart slugs
  5 leopard geckos
  39 orcs
  8 giant cockroaches
  14 goblins
  16 hobgoblins
  8 jackals
  2 quokkas
  9 bats
  10 frilled lizards
  8 kobolds
  A leopard gecko skeleton (D:3)
  A quokka skeleton (D:7)
  9 rats
282 creatures vanquished.

Vanquished Creatures (collateral kills)
  Josephine (D:10)
  A two-headed ogre (D:9)
  Psyche (D:8)
  2 black mambas (Lair:1)
  A spiny frog (Lair:1)
  A red devil (D:10)
  A troll (D:9)
  A hippogriff (D:7)
  2 wraiths (D:10)
  9 yaks
  A porcupine (D:10)
  A sky beast (D:9)
  An orc warrior (D:10)
  An ice beast (D:10)
  An ogre (D:7)
  2 crocodiles (Lair:1)
  A bullfrog (Lair:1)
  A killer bee (D:11)
  2 wights (D:9)
  3 howler monkeys (D:10)
  A centaur zombie (D:9)
  2 orc wizards
  2 jellies
  A worker ant (D:8)
  A hound skeleton (D:10)
  An adder (D:9)
  2 orcs
  2 jackals (D:10)
  3 plants (D:10)
49 creatures vanquished.

Vanquished Creatures (others)
  3 flying skulls (Lair:1)
  3 hippogriff zombies
  2 bullfrogs (D:6)
  A wyvern zombie (D:9)
  2 troll zombies (D:9)
  3 yak zombies
  2 centaur zombies (D:11)
  3 bullfrog zombies (D:10)
  A worker ant (D:6)
  A porcupine zombie (Lair:1)
  2 killer bee zombies (D:9)
  An ogre zombie (D:7)
  A sky beast zombie (D:9)
  2 crocodile zombies (Lair:1)
  A howler monkey zombie (D:10)
  A worker ant zombie (D:9)
  An iguana zombie (D:9)
  6 orc zombies
  3 gnoll zombies (D:9)
  A jackal skeleton (D:10)
  31 fungi (D:10)
  6 plants (D:10)
77 creatures vanquished.

Grand Total: 408 creatures vanquished

Notes
Turn   | Place    | Note
-------+----------+-------------------------------------------
     0 | D:1      | wingeater17 the Hill Orc Fighter began the quest for the
                  | Orb.
     0 | D:1      | Reached XP level 1. HP: 19/19 MP: 1/1
    29 | D:1      | Reached XP level 2. HP: 8/27 MP: 2/2
   412 | D:1      | Reached skill level 3 in Axes
   472 | D:1      | Reached XP level 3. HP: 33/33 MP: 3/3
   924 | D:2      | Noticed Sigmund
  1328 | D:2      | Reached XP level 4. HP: 40/40 MP: 4/4
  1351 | D:2      | Found a faded altar of an unknown god.
  1864 | D:2      | Noticed Robin
  1873 | D:2      | Reached skill level 4 in Axes
  1884 | D:2      | Killed Robin
  1886 | D:2      | Reached XP level 5. HP: 41/47 MP: 5/5
  2312 | D:3      | Found a sparkling altar of Nemelex Xobeh.
  2319 | D:3      | Found a transporter.
  2453 | D:3      | Reached skill level 5 in Axes
  2471 | D:3      | Found a transporter.
  2533 | D:3      | Noticed Terence
  2558 | D:3      | Killed Terence
  2679 | D:3      | Reached XP level 6. HP: 42/53 MP: 6/6
  3450 | D:4      | Found a bloodstained altar of Trog.
  3503 | D:4      | Reached skill level 6 in Axes
  3617 | D:4      | Found a burning altar of Makhleb.
  3735 | D:5      | Entered Level 5 of the Dungeon
  3839 | D:5      | Noticed Menkaure
  3849 | D:5      | Killed Menkaure
  3849 | D:5      | Reached XP level 7. HP: 20/60 MP: 7/7
  4088 | D:5      | Reached skill level 7 in Axes
  4088 | D:5      | Reached skill level 5 in Armour
  4118 | D:5      | Found a white marble altar of Elyvilon.
  4188 | D:5      | Found a basalt altar of Yredelemnul.
  4363 | D:5      | Noticed Prince Ribbit
  4609 | D:6      | Noticed Pikel
  4639 | D:6      | Killed Pikel
  4639 | D:6      | Reached skill level 9 in Axes
  4639 | D:6      | Reached XP level 8. HP: 45/67 MP: 8/8
  4962 | D:6      | Reached skill level 10 in Axes
  4965 | D:6      | Found a staircase to the Ecumenical Temple.
  4987 | D:6      | Found Sagic Sym's Magic Scroll Shoppe.
  5007 | D:6      | Bought a scroll of identify for 20 gold pieces
  5007 | D:6      | Bought a scroll of fear for 35 gold pieces
  5007 | D:6      | Bought a scroll of teleportation for 30 gold pieces
  5030 | Temple   | Entered the Ecumenical Temple
  5646 | D:5      | Became a worshipper of Yredelemnul the Dark
  6075 | D:5      | Killed Prince Ribbit
  6075 | D:5      | Reached skill level 11 in Axes
  6204 | D:5      | Reached XP level 9. HP: 41/72 MP: 9/9
  6890 | D:7      | Reached * piety under Yredelemnul
  6910 | D:7      | Reached skill level 12 in Axes
  7776 | D:7      | Reached skill level 13 in Axes
  7942 | D:7      | Found a deep blue altar of Sif Muna.
  8026 | D:8      | Noticed Maurice
  8110 | D:8      | Noticed a two-headed ogre
  8117 | D:8      | Killed a two-headed ogre
  8117 | D:8      | Reached XP level 10. HP: 80/80 MP: 10/10
  8139 | D:8      | Reached skill level 14 in Axes
  8179 | D:8      | Noticed Psyche
  8188 | D:8      | Killed Psyche
  8443 | D:8      | Reached ** piety under Yredelemnul
  8460 | D:8      | Found an ornate altar of the Wu Jian Council.
  8464 | D:8      | Found a sacrificial altar of Ru.
  8601 | D:9      | Found a staircase to the Orcish Mines.
  8678 | D:9      | Found a runed door.
  8678 | D:9      | Noticed a sixfirhy
  8840 | D:9      | Reached skill level 15 in Axes
  8867 | D:9      | Reached skill level 10 in Armour
  9447 | D:9      | Found Duitiv's Armour Shoppe.
  9543 | D:9      | Noticed a gargoyle
  9548 | D:9      | Killed a gargoyle
 10117 | D:9      | Found a white marble altar of Elyvilon.
 10122 | D:9      | Noticed a two-headed ogre
 10122 | D:9      | Noticed Erica
 10132 | D:9      | Killed a two-headed ogre
 10132 | D:9      | Reached skill level 16 in Axes
 10132 | D:9      | Reached XP level 11. HP: 85/85 MP: 11/11
 10476 | D:9      | Killed Erica
 10678 | D:10     | Entered Level 10 of the Dungeon
 10722 | D:10     | Reached *** piety under Yredelemnul
 11409 | D:10     | Noticed a two-headed ogre
 11423 | D:10     | Killed a two-headed ogre
 11423 | D:10     | Reached skill level 17 in Axes
 11693 | D:10     | Noticed Josephine
 11704 | D:10     | Killed Josephine
 11966 | D:10     | Found a staircase to the Lair.
 12185 | D:10     | Found a basalt altar of Yredelemnul.
 12474 | D:11     | Noticed a brown ugly thing
 12479 | D:11     | Noticed a cyclops
 12518 | D:10     | Killed a brown ugly thing
 12739 | D:11     | Killed a cyclops
 12858 | D:11     | Reached **** piety under Yredelemnul
 12868 | D:11     | Reached skill level 18 in Axes
 12925 | D:11     | Received a gift from Yredelemnul (3 flying skulls)
 13305 | D:7      | Killed Maurice
 13374 | Lair:1   | Entered Level 1 of the Lair of Beasts
 13391 | Lair:1   | Reached XP level 12. HP: 92/92 MP: 10/12
 13879 | Lair:1   | Received a gift from Yredelemnul (a wight)
 13926 | Lair:1   | Slain by a spiny frog

Skill      XL: |  1  2  3  4  5  6  7  8  9 10 11 |
---------------+----------------------------------+-----
Fighting       | 4 |  4.6
Axes           | 3 4 5 6 9 11 13 16 18 | 18.8
Shields        | 4 |  4.3
Armour         | 4 6 7 9 10 12 | 12.3
Dodging        | |  0.5

Action                   |  1- 3 |  4- 6 |  7- 9 | 10-12 || total
-------------------------+-------+-------+-------+-------++-------
Melee: War axe           |   106 |   187 |   257 |   321 ||   871
Invok: Animate Remains   |       |       |     3 |    24 ||    27
       Animate Dead      |       |       |       |    16 ||    16
       Recall Undead Sla |       |       |       |     2 ||     2
Evoke: Wand              |       |       |       |     3 ||     3
  Use: Scroll            |       |     1 |       |    15 ||    16
       Potion            |       |       |     1 |     2 ||     3
 Stab: Distracted        |       |       |       |     4 ||     4
       Paralysed         |       |       |       |     2 ||     2
       Invisible         |       |       |       |     1 ||     1
  Eat: Chunk             |     2 |     7 |     2 |     7 ||    18
       Ration            |       |       |     4 |     7 ||    11
Armor: Scale mail        |    59 |    66 |    77 |   113 ||   315
       Skin              |       |       |       |     1 ||     1
Dodge: Dodged            |    54 |    49 |    83 |   101 ||   287
Block: Shield            |    79 |   104 |   151 |   167 ||   501
